 Dungeon Crawl Stone Soup version 0.31-a0-983-g7b6862f502 (webtiles) character file.

Game seed: 2578830671734445966

130 IdlyInterested the Changeling (level 4, -3/48 HPs)
             Began as a Demonspawn Shapeshifter on Nov 2, 2023.
             Slain by Ijyb
             ... wielding a +0 club
              (7 damage)
             ... on level 3 of the Dungeon.
             The game lasted 00:05:24 (1946 turns).

IdlyInterested the Changeling (DsSh)                Turns: 1946, Time: 00:05:24

Health: -3/48      AC:  0    Str: 16    XL:     4   Next: 90%
Magic:  4/4        EV: 14    Int: 12    God:
Gold:   93         SH:  0    Dex: 12    Spells: 3/3 levels left

rFire   . .          .
                       - Unarmed
rCold   . . .        (shield currently unavailable)
rNeg    . . .        G - melded +1 scale mail "Riciutim" {+Inv rF- Slay+6 Stlth+}
rPois   .            q - melded +2 helmet
rElec   .            (cloak currently unavailable)
rCorr   .            (gloves currently unavailable)
SInv    .            (boots currently unavailable)
Will    .....        (no amulet) Stlth
                     e - melded +5 ring of evasion
HPRegen 0.28/turn    D - melded +6 ring of strength
MPRegen 0.09/turn

%: no passive effects
@: berserking, pig-form, very quick
A: fast, no casting, small, (claws 1), ignite blood 1, (weakness stinger 1)
a: no special abilities


You were on level 3 of the Dungeon.
You were a filthy swine.
You visited 1 branch of the dungeon, and saw 3 of its levels.

You collected 93 gold pieces.

Inventory:

Hand Weapons
 g - a +0 dagger
 l - a +0 short sword
 n - a +0 mace
 v - a +0 spear
 x - a +0 falchion
 y - a +0 hand axe
 z - a +0 rapier
 C - a +0 war axe
 I - a +0 falchion
Missiles
 h - 4 stones (quivered)
Armour
 f - a +0 ring mail
 q - a +2 helmet (melded)
 G - the +1 scale mail "Riciutim" (melded) {+Inv rF- Slay+6 Stlth+}
   (You found it on level 3 of the Dungeon)

   Slay+6:    It affects your accuracy & damage with ranged weapons and melee
   (+6).
   rF-:       It makes you vulnerable to fire.
   +Inv:      It lets you turn invisible.
   Stlth+:    It makes you more stealthy.
Jewellery
 e - a +5 ring of evasion (melded)
 D - a +6 ring of strength (melded)
 F - a ring of positive energy
Talismans
 c - a beast talisman (active)
 d - a flux talisman
 k - a serpent talisman
Scrolls
 a - 2 scrolls of identify {unknown}
 i - a scroll of revelation {unknown}
 o - 2 scrolls of blinking {unknown}
 p - a scroll of fear {unknown}
 r - a scroll of teleportation {unknown}
 s - 2 scrolls of immolation {unknown}
 u - a scroll of acquirement {unknown}
 w - 2 scrolls of enchant armour {unknown}
 E - a scroll of noise {unknown}
Potions
 b - a potion of lignification
 j - a potion of heal wounds {unknown}
 m - a potion of haste {unknown}
 A - a potion of brilliance {unknown}
 B - a potion of attraction {unknown}
 H - a potion of curing {unknown}


   Skills:
 - Level 1.0 Fighting
 - Level 2.0 Dodging
 + Level 0.8 Stealth
 - Level 3.0 Unarmed Combat
 - Level 1.0 Evocations
 * Level 4.3 Shapeshifting


You had 3 spell levels left.
You didn't know any spells.
Your spell library was empty.

Dungeon Overview and Level Annotations

Branches:
Dungeon (3/15)

Altars:
Xom

Annotations:
D:3 3 runed translucent doors, Ijyb; awesomeguy42's ghost, weakling HuNe


Innate Abilities, Weirdness & Mutations

You are a filthy swine.
You move quickly.
Your equipment is almost entirely melded.
You are incapable of wielding weapons or throwing items.
You cannot cast spells.
((You have sharp fingernails.))
Your demonic aura sometimes causes spilled blood to erupt in flames.
((You have a small tail.))


Message History

Ijyb hits you with a +0 club.
You barely miss Ijyb.
Ijyb is moderately wounded.
Ijyb hits you with a +0 club.
You hit Ijyb but do no damage.
Ijyb is moderately wounded.
Ijyb screams, "Get away!"
Ijyb hits you with a +0 club.
You barely miss Ijyb.
Ijyb is moderately wounded.
Ijyb closely misses you.
You hit Ijyb but do no damage.
Ijyb is moderately wounded.
The crimson imp blinks!
Ijyb barely misses you.
You closely miss Ijyb.
Ijyb is moderately wounded.
The crimson imp closely misses you. Ijyb closely misses you.
You hit Ijyb but do no damage.
Ijyb is moderately wounded.
The crimson imp misses you. Ijyb misses you.
You hit Ijyb but do no damage.
Ijyb is moderately wounded.
The crimson imp blinks!
Ijyb hits you with a +0 club.
You barely miss Ijyb.
Ijyb is moderately wounded.
Ijyb hits you with a +0 club!
* * * LOW HITPOINT WARNING * * *
You hit Ijyb.
Ijyb is heavily wounded.
Ijyb hits you with a +0 club.
* * * LOW HITPOINT WARNING * * *
A red film seems to cover your vision as you go berserk!
You feel yourself moving faster!
You feel mighty! Ijyb hits you with a +0 club.
* * * LOW HITPOINT WARNING * * *
You closely miss Ijyb.
Ijyb is moderately wounded.
You bite Ijyb!
Ijyb is severely wounded.
Ijyb hits you with a +0 club!
You die...

##+#### ....§.# .#
#55.### .# §...§.#
.# ##§##### .#
##.##..# .#
##.....## 5#
#####...#########g#
.###.....#......h.#
...........########
...........#
...........#
...........#
...........#
##+++###...#
......W#...#
.......#...#


You could see Ijyb and a crimson imp.

Vanquished Creatures
  A scorpion (D:3)
  A crimson imp (D:3)
  2 dart slugs (D:1)
  8 bats
  4 giant cockroaches
  2 goblins (D:1)
  A hobgoblin (D:1)
  3 jackals (D:1)
  3 ball pythons (D:1)
  3 frilled lizards
  4 kobolds
  6 rats
38 creatures vanquished.

Notes
Turn   | Place    | Note
-------+----------+-------------------------------------------
     0 | D:1      | IdlyInterested the Demonspawn Shapeshifter began the quest
                  | for the Orb.
     0 | D:1      | Reached XP level 1. HP: 15/15 MP: 1/1
   174 | D:1      | Reached skill level 3 in Shapeshifting
   176 | D:1      | Discovered your monstrous ancestry.
   176 | D:1      | Gained mutation: You have a small tail. [demonic ancestry]
   176 | D:1      | Reached XP level 2. HP: 20/21 MP: 2/2
   467 | D:1      | Gained mutation: You have sharp fingernails. [demonic
                  | ancestry]
   467 | D:1      | Reached XP level 3. HP: 26/26 MP: 3/3
   589 | D:1      | Found a faded altar of an unknown god.
   761 | D:2      | Identified the +2 sling "Susal" {freeze, Dex+4 SInv}
  1437 | D:3      | Found a runed translucent gate.
  1438 | D:3      | Found a runed translucent gate.
  1439 | D:3      | Found a runed translucent gate.
  1440 | D:3      | Noticed awesomeguy42's ghost (weakling HuNe)
  1602 | D:3      | Identified the +1 scale mail "Riciutim" {+Inv rF- Slay+6
                  | Stlth+}
  1634 | D:3      | Noticed a scorpion
  1639 | D:3      | Killed a scorpion
  1640 | D:3      | Reached skill level 1 in Evocations
  1640 | D:3      | Reached skill level 4 in Shapeshifting
  1640 | D:3      | Gained mutation: Your demonic aura sometimes causes spilled
                  | blood to erupt in flames. [demonic ancestry]
  1640 | D:3      | Reached XP level 4. HP: 32/32 MP: 4/4
  1750 | D:3      | Found a shimmering altar of Xom.
  1929 | D:3      | Noticed Ijyb
  1946 | D:3      | Slain by Ijyb

Illustrated notes

Levels and vault maps discovered:
D:1:      minmay_arrival_up_and_down, layout_basic,
          shapermc_ecumenical_altar_mp_vishouse, minmay_pentomino_z4
D:2:      layout_basic
D:3:      layout_loops_cross, led_xom_imps, gammafunk_ghost_split, uniq_jessica,
          uniq_ijyb

Skill      XL: |  1  2  3 |
---------------+----------+-----
Shapeshifting  | 3 4 |  4.3
Unarmed Combat | 3 |  3.0
Dodging        | 2 |  2.0
Evocations     | 1 |  1.0
Fighting       | |  1.0
Stealth        | |  0.8

Action                     |  1- 3 |  4- 6 || total
---------------------------+-------+-------++-------
  Melee: Unarmed           |    95 |    18 ||   113
         Tailslap          |     6 |     2 ||     8
         Punch             |     1 |       ||     1
  Throw: Stone             |     4 |       ||     4
    Use: Potion            |     1 |     1 ||     2
 Armour: Ring mail         |    37 |       ||    37
         Animal skin       |     3 |       ||     3
         Scale mail        |     1 |       ||     1
         Skin              |       |     8 ||     8
  Dodge: Dodged            |   108 |    11 ||   119
   Form: Beast             |     2 |       ||     2
                           |     1 |       ||     1

Table legend: (Time is in decaauts)
 A = Elapsed time spent in this place.
 B = Non-inter-level travel time spent in this place.
 C = Inter-level travel time spent in this place.
 D = Time resting spent in this place.
 E = Time spent auto-exploring this place.
 F = Levels seen in this place.
 G = Mean time per level.
                   A        B        C        D        E       F      G
               +--------+--------+--------+--------+--------+-----+--------+
         Total |   1953 |   1836 |    117 |      0 |   1353 |   3 |  651.0 |
       Dungeon |   1953 |   1836 |    117 |      0 |   1353 |   3 |  651.0 |
               +--------+--------+--------+--------+--------+-----+--------+

Top non-repeatable levels by time:
     D:2: 801 daAuts
     D:1: 629 daAuts
     D:3: 523 daAuts
